 Dungeon Crawl Stone Soup version 0.22.1-1-ga44c0e56f4 (webtiles) character file.

9170 blechx the Basher (level 11, -5/67 HPs)
             Began as a Gargoyle Fighter on Oct 8, 2018.
             Was an Elder of Wu Jian.
             Slain by an orc warrior
             ... wielding a +0 glaive
              (13 damage)
             ... on level 11 of the Dungeon on Oct 9, 2018.
             The game lasted 01:00:31 (13152 turns).

blechx the Basher (Gargoyle Fighter)               Turns: 13152, Time: 01:00:32

Health: -5/67      AC: 17    Str: 23    XL:     11   Next: 42%
Magic:  11/11      EV: 10    Int:  9    God:    Wu Jian [****..]
Gold:   420        SH: 17    Dex:  9    Spells: 10/10 levels left

rFire    . . .     SeeInvis .   v - +1 morningstar
rCold    . . .     Gourm    .   c - +1 shield
rNeg     + . .     Faith    .   b - +0 scale mail
rPois    ∞         Spirit   .   (no helmet)
rElec    +         Reflect  +   (no cloak)
rCorr    .         Harm     .   s - +0 pair of gloves
MR       .....                  (no boots)
Stlth    ..........             p - +4 amulet of reflection
HPRegen  0.21/turn              (no ring)
MPRegen  0.12/turn              (no ring)

@: no status effects
A: negative energy resistance 1, electricity resistance, unbreathing,
petrification resistance, rot immunity, AC +8
a: Wall Jump, Serpent's Lash, Renounce Religion


You were on level 11 of the Dungeon.
You worshipped Wu Jian.
Wu Jian was greatly pleased with you.
You were hungry.

You visited 2 branches of the dungeon, and saw 12 of its levels.

You collected 508 gold pieces.
You spent 88 gold pieces at shops.

Inventory:

Hand Weapons
 a - a +0 flail
 v - a +1 morningstar (weapon)
Missiles
 i - 11 tomahawks (quivered)
Armour
 b - a +0 scale mail (worn)
 c - a +1 shield (worn)
 s - a +0 pair of gloves (worn)
Jewellery
 m - an uncursed ring of magical power
 p - a +4 amulet of reflection (around neck)
 A - an uncursed ring of fire
 C - a cursed -2 ring of evasion
 E - an uncursed ring of wizardry
 H - an uncursed ring of see invisible {unknown}
 L - an uncursed ring of ice {unknown}
 P - an uncursed amulet of the gourmand {unknown}
 Q - an uncursed amulet of guardian spirit {unknown}
Wands
 h - a wand of iceblast (4)
 n - a wand of random effects (56)
 u - a wand of digging (5)
 J - a wand of enslavement (27)
 K - a wand of disintegration (5)
Scrolls
 g - 2 scrolls of teleportation
 w - a scroll of immolation {unknown}
 y - a scroll of enchant weapon
 B - 4 scrolls of remove curse
 F - 5 scrolls of identify
 M - 4 scrolls of amnesia
 N - 2 scrolls of fear
 O - a scroll of magic mapping
 R - a scroll of fog
Potions
 d - a potion of might
 e - a potion of lignification
 j - a potion of flight
 k - a potion of curing
 l - 2 potions of haste
 o - 2 potions of agility
 q - a potion of mutation {unknown}
 r - a potion of invisibility {unknown}
 t - 2 potions of cancellation {unknown}
 x - a potion of magic {unknown}
 z - 2 potions of degeneration {unknown}
 D - a potion of brilliance
 G - 2 potions of heal wounds
 I - a potion of berserk rage {unknown}
 T - a potion of ambrosia {unknown}
Comestibles
 f - 10 rations


   Skills:
 + Level 7.2 Fighting
 + Level 11.4 Maces & Flails
 + Level 2.5 Throwing
 + Level 7.8 Armour
 + Level 3.2 Dodging
 + Level 1.7 Stealth
 + Level 9.9 Shields
 + Level 0.7 Evocations


You had 10 spell levels left.
You didn't know any spells.
Your spell library contained the following spells:

 Spells                   Type           Power        Failure   Level  Hunger
 Confusing Touch          Hex            #.....       87%         1    ##.....
 Corona                   Hex            #......      87%         1    ##.....
 Freeze                   Ice            #...         87%         1    ##.....
 Slow                     Hex            #.......     95%         2    ###....
 Throw Frost              Conj/Ice       #.....       95%         2    ###....
 Confuse                  Hex            #.......     99%         3    ####...
 Gell's Gravitas          Tloc           #.........   99%         3    ####...
 Inner Flame              Hex/Fire       #.......     99%         3    ####...
 Ozocubu's Armour         Chrm/Ice       #.......     99%         3    ####...
 Portal Projectile        Hex/Tloc       #.....       99%         3    ####...
 Cause Fear               Hex            #.........   100%        4    #####..
 Leda's Liquefaction      Hex/Erth       #.........   100%        4    #####..
 Petrify                  Tmut/Erth      #.......     100%        4    #####..
 Summon Ice Beast         Ice/Summ       #.......     100%        4    #####..
 Throw Icicle             Conj/Ice       #.......     100%        4    #####..
 Metabolic Englaciation   Hex/Ice        #.........   100%        5    ######.
 Yara's Violent Unravell  Hex/Tmut       #.........   100%        5    ######.


Dungeon Overview and Level Annotations

Branches:
Dungeon (11/15)            Temple (1/1) D:4            Lair (0/6) D:8
    Orc: D:9-12

Altars:
Ashenzari
Cheibriados
Dithmenos
Elyvilon
Fedhas
Gozag
Hepliaklqana
Kikubaaqudgha
Makhleb
Nemelex Xobeh
Okawaru
Qazlal
Ru
Sif Muna
Trog
Uskayaw
Vehumet
Wu Jian
Xom
Yredelemnul
Zin
The Shining One

Shops:
D:6 ?   D:9 %}:

Annotations:
D:10 exclusion: downstairs


Innate Abilities, Weirdness & Mutations

You are resistant to torment.
Your stone body is resilient. (AC +8)
You are immune to poison.
You resist negative energy. (rN+)
You are resistant to electric shocks. (rElec)
You can survive without breathing.
You are immune to petrification.
You are immune to rotting.


Message History

You block the ogre's attack. You block the ogre's attack.
The orc warrior hits you but does no damage.
You block the ogre's attack.
You feel yourself speed up. You block the orc warrior's attack.
You block the ogre's attack.
There is a stone staircase leading up here.
You block the orc warrior's attack.
You climb upwards.
Level annotation: exclusion: downstairs
There is a stone staircase leading down here.
You climb downwards.
You recover from your berserk rage.
The ogre barely misses you. You block the ogre's attack.
There is a stone staircase leading up here.
You can't go down here!
You block the orc warrior's attack. The orc misses you.
The orc warrior hits you from afar with a glaive!
You die...

#..#...###
#..'.....#
#..#.....#
#..#.....#
....#.....#
.....#.....#
#######.....####
..........Oo#
..........oo@#
.............#
.#############


You could see 2 orc warriors, an ogre and an orc.

Vanquished Creatures
  2 two-headed ogres
  Psyche (D:11)
  A troll (D:8)
  2 hippogriffs
  6 slime creatures (D:10)
  14 yaks (D:10)
  An orc warrior (D:11)
  A black bear (D:8)
  An eye of draining (D:10)
  2 phantoms
  2 centaurs
  5 ogres
  2 big kobolds
  6 bullfrogs
  3 scorpions
  4 killer bees (D:10)
  4 wights (D:10)
  2 howler monkeys
  4 crimson imps
  4 jellies
  2 quasits
  5 hounds
  12 orc priests
  A bullfrog skeleton (D:4)
  Ijyb (D:3)
  An iguana (D:9)
  13 orc wizards
  8 worker ants
  A hound zombie (D:6)
  A howler monkey skeleton (D:5)
  7 gnolls
  A worker ant zombie (D:6)
  13 adders
  2 shadow imps
  2 oozes
  An adder zombie (D:5)
  2 adder skeletons
  5 worms
  2 dart slugs
  2 leopard geckos
  51 orcs
  A ball python (D:3)
  9 bats
  5 giant cockroaches
  6 goblins
  6 hobgoblins
  4 jackals
  16 kobolds
  7 quokkas
  4 frilled lizards
  A leopard gecko skeleton (D:3)
  2 quokka skeletons
  A quokka zombie (D:5)
  7 rats
269 creatures vanquished.

Vanquished Creatures (others)
  A kobold (D:9)
1 creature vanquished.

Grand Total: 270 creatures vanquished

Notes
Turn   | Place    | Note
-------+----------+-------------------------------------------
     0 | D:1      | blechx the Gargoyle Fighter began the quest for the Orb.
     0 | D:1      | Reached XP level 1. HP: 14/14 MP: 1/1
   257 | D:1      | Reached XP level 2. HP: 19/19 MP: 2/2
   819 | D:2      | Reached XP level 3. HP: 24/24 MP: 3/3
   936 | D:2      | Reached skill level 3 in Maces & Flails
  1090 | D:2      | Found a hide-covered altar of Uskayaw.
  1106 | D:2      | Reached XP level 4. HP: 29/29 MP: 4/4
  2163 | D:2      | Reached XP level 5. HP: 25/33 MP: 5/5
  2246 | D:3      | Reached skill level 1 in Dodging
  2448 | D:3      | Noticed Ijyb
  2470 | D:3      | Killed Ijyb
  2653 | D:3      | Reached skill level 4 in Maces & Flails
  2736 | D:3      | Found a glowing silver altar of Zin.
  3135 | D:3      | Reached XP level 6. HP: 37/38 MP: 6/6
  3717 | D:4      | Reached XP level 7. HP: 43/43 MP: 7/7
  3727 | D:4      | Reached skill level 5 in Maces & Flails
  3766 | D:4      | Found a staircase to the Ecumenical Temple.
  3801 | Temple   | Entered the Ecumenical Temple
  4068 | Temple   | Became a worshipper of the Wu Jian Council
  4210 | D:4      | Found a sparkling altar of Nemelex Xobeh.
  4526 | D:4      | Reached skill level 5 in Shields
  4748 | D:5      | Entered Level 5 of the Dungeon
  4799 | D:5      | Reached skill level 5 in Armour
  5100 | D:5      | Reached XP level 8. HP: 39/48 MP: 8/8
  5306 | D:5      | Found a sparkling altar of Nemelex Xobeh.
  5310 | D:5      | Reached skill level 1 in Throwing
  5311 | D:5      | Reached skill level 6 in Maces & Flails
  5550 | D:5      | Found a bloodstained altar of Trog.
  5949 | D:6      | Reached * piety under Wu Jian
  6090 | D:6      | Found Uneong's Magic Scroll Emporium.
  6098 | D:6      | Bought a scroll of identify for 22 gold pieces
  6098 | D:6      | Bought 2 scrolls of remove curse for 66 gold pieces
  6591 | D:7      | Noticed a hippogriff
  6602 | D:7      | Killed a hippogriff
  7002 | D:7      | Reached skill level 7 in Maces & Flails
  7002 | D:7      | Reached XP level 9. HP: 49/53 MP: 9/9
  7085 | D:7      | Found an ancient bone altar of Kikubaaqudgha.
  7258 | D:8      | Noticed a troll
  7271 | D:8      | Killed a troll
  7271 | D:8      | Reached skill level 5 in Fighting
  7354 | D:8      | Reached ** piety under Wu Jian
  7505 | D:8      | Found a staircase to the Lair.
  7517 | D:8      | Reached skill level 8 in Maces & Flails
  7558 | D:8      | Found a shadowy altar of Dithmenos.
  7940 | D:9      | Found Mawaics's Book Boutique.
  8279 | D:9      | Found Vuen's Gadget Boutique.
  8470 | D:9      | Found Puituck's Food Emporium.
  8603 | D:10     | Entered Level 10 of the Dungeon
  8779 | D:10     | Reached skill level 9 in Maces & Flails
  8993 | D:10     | Reached skill level 1 in Stealth
  9005 | D:10     | Reached *** piety under Wu Jian
  9005 | D:10     | Reached XP level 10. HP: 54/60 MP: 10/10
  9922 | D:10     | Noticed a two-headed ogre
  9944 | D:10     | Killed a two-headed ogre
  9944 | D:10     | Reached skill level 10 in Maces & Flails
 11072 | D:10     | Reached XP level 11. HP: 31/66 MP: 11/11
 12007 | D:10     | Reached skill level 11 in Maces & Flails
 12254 | D:11     | Noticed a two-headed ogre
 12266 | D:11     | Killed a two-headed ogre
 12442 | D:11     | Reached **** piety under Wu Jian
 13086 | D:11     | Noticed Psyche
 13104 | D:11     | Killed Psyche
 13129 | D:11     | HP: 2/67 [orc warrior/battleaxe (15)]
 13152 | D:11     | Slain by an orc warrior

Skill      XL: |  1  2  3  4  5  6  7  8  9 10 11 |
---------------+----------------------------------+-----
Maces & Flails | 3 4 5 7 9 10 11 | 11.4
Armour         | 4 5 6 7 |  7.8
Dodging        | 1 2 3 |  3.2
Shields        | 4 5 7 8 9 |  9.9
Fighting       | 4 5 6 7 |  7.2
Throwing       | 1 2 |  2.5
Stealth        | 1 |  1.7
Evocations     | |  0.7

Action                   |  1- 3 |  4- 6 |  7- 9 | 10-12 || total
-------------------------+-------+-------+-------+-------++-------
Melee: Flail             |   131 |   217 |   142 |       ||   490
       Morningstar       |       |       |   359 |   408 ||   767
Throw: Tomahawk          |       |     7 |    21 |    37 ||    65
Invok: Lunge             |       |       |    20 |    18 ||    38
       Whirlwind         |       |       |     9 |    31 ||    40
       Wall Jump         |       |       |     2 |     5 ||     7
Evoke: Wand              |       |       |     1 |    10 ||    11
  Use: Scroll            |       |     6 |    10 |     1 ||    17
       Potion            |       |     2 |     5 |       ||     7
  Eat: Ration            |     1 |     2 |     5 |     3 ||    11
       Chunk             |       |       |     1 |     2 ||     3
Armor: Scale mail        |    70 |    83 |   185 |   103 ||   441
Dodge: Dodged            |    26 |    47 |   128 |    84 ||   285
Block: Shield            |    87 |   108 |   434 |   315 ||   944
       Reflection        |       |     4 |    10 |     9 ||    23
